 Dungeon Crawl Stone Soup version 0.30-a0-373-gd37427bb62 (webtiles) character file.

Game seed: 5978743300431106913

35 sanka the Stinger (level 3, 7/16 HPs)
             Began as a Spriggan Venom Mage on Nov 24, 2022.
             Quit the game on level 1 of the Dungeon.
             The game lasted 00:03:29 (728 turns).

sanka the Stinger (Spriggan Venom Mage)              Turns: 728, Time: 00:03:30

Health: 7/16       AC:  2    Str:  4    XL:     3   Next: 17%
Magic:  8/8        EV: 17    Int: 18    God:
Gold:   74         SH:  0    Dex: 15    Spells: 5/8 levels left

rFire   . . .      SeeInvis +    d - +0 short sword
rCold   . . .      Faith    .    (no shield)
rNeg    . . .      Spirit   .    a - +0 robe
rPois   .          Reflect  .    (helmet restricted)
rElec   .          Harm     .    (no cloak)
rCorr   .          Rampage  .    (gloves unavailable)
Will    .....                    (boots unavailable)
Stlth   ++........               (no amulet)
HPRegen 0.22/turn                (no ring)
MPRegen 0.11/turn                (no ring)

@: very quick
A: very small, no large weapons, unfitting armour, see invisible, speed 3
a: no special abilities


You were on level 1 of the Dungeon.
You visited 1 branch of the dungeon, and saw 1 of its levels.

You collected 74 gold pieces.


Innate Abilities, Weirdness & Mutations

You are very small and have problems with some larger weapons.
You are too small for most types of armour.
You have supernaturally acute eyesight. (SInv)
You cover ground extremely quickly. (Speed+++)


   Skills:
 - Level 2.6 Dodging
 - Level 3.0 Stealth
 - Level 3.0 Spellcasting
 - Level 2.0 Transmutations
 + Level 0.7 Air Magic
 + Level 3.8 Poison Magic


You had 5 spell levels left.
You knew the following spells:

 Your Spells              Type           Power      Damage    Failure   Level
y - Poisonous Vapours     Pois/Air       22%        N/A       10%         2
z - Sting                 Tmut/Pois      52%        1d5       4%          1

Your spell library contained the following spells:

 Spells                   Type           Power      Damage    Failure   Level
 Mephitic Cloud           Conj/Pois/Air  8%         N/A       26%         3
 Olgreb's Toxic Radiance  Pois           16%        N/A       32%         4

Inventory:

Hand Weapons
 d - a +0 short sword (weapon)
Armour
 a - a +0 robe (worn)
Potions
 b - 2 potions of magic
 c - 2 potions of haste {unknown}
 e - 2 potions of brilliance {unknown}

Dungeon Overview and Level Annotations

Branches:
Dungeon (1/15)

Altars:

<8▒▒▒▒ ▒▒▒▒.▒▒
.....▒▒ ▒...£.▒
.....8▒ ▒.....▒
..8...▒ ▒.....▒
.....8▒ ▒.....▒
.....▒▒
...▒▒.....▒
.......▒ ▒.......▒
▒.▒▒▒▒▒▒ ▒)▒
▒..... ▒i▒ ...>).
▒.▒ ▒▒▒▒▒▒ ▒.▒ ▒.▒
▒.▒ ▒.▒
▒▒▒▒▒▒▒▒▒▒▒▒▒▒▒▒.▒
▒................▒
.....▒▒▒▒▒▒▒▒▒▒▒▒▒


There were no monsters in sight!


Message History

You kill the kobold!
You hit the goblin.
The goblin is moderately wounded.
The goblin misses you.
You hit the goblin.
You kill the goblin!
You hit the dart slug.
The dart slug is moderately wounded.
The dart slug launches a dart at you.
The slug dart hits you but does no damage.
You hit the dart slug but do no damage.
The dart slug is moderately wounded.
You hit the dart slug but do no damage.
The dart slug is moderately wounded.
The dart slug bites you.
You hit the dart slug but do no damage.
The dart slug is moderately wounded.
The dart slug closely misses you.
You hit the dart slug.
The dart slug is heavily wounded.
You hit the dart slug.
The dart slug is almost dead.
The dart slug launches a dart at you. The slug dart hits you.
* * * LOW HITPOINT WARNING * * *
You hit the dart slug.
You kill the dart slug!
No target in view!
No target in view!
Are you sure you want to abandon this character and quit the game? (Confirm with "yes".)

Action                   || total
-------------------------++-------
Melee: Short sword       ||    23
 Cast: Sting             ||    34
Armor: Robe              ||     2
Dodge: Dodged            ||    18

Levels and vault maps discovered:
D:1:      mrwooster_arrival_statue_2, layout_loops_ring,
          nicolae_ecumenical_lake_church

Notes
Turn   | Place    | Note
-------+----------+-------------------------------------------
     0 | D:1      | sanka the Spriggan Venom Mage began the quest for the Orb.
     0 | D:1      | Reached XP level 1. HP: 9/9 MP: 5/5
    84 | D:1      | Reached skill level 3 in Spellcasting
   112 | D:1      | Reached skill level 2 in Transmutations
   152 | D:1      | Reached XP level 2. HP: 6/13 MP: 2/7
   424 | D:1      | Learned a level 2 spell: Poisonous Vapours
   623 | D:1      | Reached XP level 3. HP: 16/16 MP: 5/8
   728 | D:1      | Quit the game

Vanquished Creatures
  5 dart slugs (D:1)
  A bat (D:1)
  5 endoplasms (D:1)
  3 giant cockroaches (D:1)
  A ball python (D:1)
  A frilled lizard (D:1)
  3 goblins (D:1)
  3 kobolds (D:1)
  3 rats (D:1)
25 creatures vanquished.
